 Dungeon Crawl Stone Soup version 0.25-a0-51-gc466198 (webtiles) character file.

Game seed: 15098495775815442379, levelgen mode: deterministic

180 BoppinsLewinski the Chopper (level 5, -1/47 HPs)
             Began as a Hill Orc Monk on Oct 25, 2019.
             Slain by an orc priest
             ... wielding a +0 mace
              (3 damage)
             ... on level 3 of the Dungeon.
             The game lasted 00:03:54 (2236 turns).

BoppinsLewinski the Chopper (Hill Orc Monk)         Turns: 2236, Time: 00:03:55

Health: -1/47      AC:  4    Str: 17    XL:     5   Next: 60%
Magic:  4/4        EV: 11    Int: 10    God:
Gold:   95         SH:  0    Dex: 13    Spells: 4/4 levels left

rFire    . . .     SeeInvis .   s - +0 war axe
rCold    . . .     Gourm    .   (no shield)
rNeg     . . .     Faith    .   l - +0 scale mail
rPois    .         Spirit   .   (no helmet)
rElec    .         Reflect  .   f - +0 cloak
rCorr    .         Harm     .   (no gloves)
MR       .....                  (no boots)
Stlth    +.........             (no amulet)
HPRegen  0.15/turn              (no ring)
MPRegen  0.09/turn              (no ring)

@: no status effects
A: deformed body, low mp 1, strong 1, sturdy frame 1
a: Convert to Beogh


You were on level 3 of the Dungeon.
You were not hungry.

You visited 1 branch of the dungeon, and saw 3 of its levels.

You collected 95 gold pieces.

Inventory:

Hand Weapons
 s - a +0 war axe (weapon)
Armour
 f - a +0 cloak (worn)
 l - a +0 scale mail (worn)
Wands
 q - a wand of digging (6)
Scrolls
 d - 2 scrolls of enchant armour {unknown}
 e - a scroll of fog {unknown}
 g - 4 scrolls of identify {unknown}
 h - 5 scrolls of teleportation {unknown}
 i - 3 scrolls of remove curse {unknown}
 j - a scroll of amnesia {unknown}
 k - a scroll of magic mapping {unknown}
 r - a scroll of noise {unknown}
Potions
 m - a potion of haste {unknown}
 n - a potion of heal wounds {unknown}
 o - a potion of curing {unknown}
 p - a potion of flight {unknown}
Comestibles
 c - 5 rations


   Skills:
 + Level 4.5 Fighting
 * Level 6.0 Axes
 + Level 2.2 Armour
 + Level 3.1 Dodging
 - Level 1.5 Stealth


You had 4 spell levels left.
You didn't know any spells.
Your spell library was empty.

Dungeon Overview and Level Annotations

Branches:
Dungeon (3/15)

Altars:
Qazlal


Innate Abilities, Weirdness & Mutations

Armour fits poorly on your strangely shaped body.
Your magical capacity is low. (-10% MP)
Your muscles are strong. (Str +2)
Your movements are slightly less encumbered by armour. (ER -2)


Message History

Ye barely miss tha orc.
Tha orc priest invokes tha aid o' Beogh against ye.
Beogh smites ye!
* * * LOW HITPOINT WARNIN'
* * * Tha orc completely misses ye.
Okay, than.
It was a potion o' mutation.
Ye feel 'stremely strange.
Ye feel less energetic.
Yer body twists an' deforms.
Ye feel less encumb'red by yer armour.
Ye feel stronger.
Tha orc priest casts a cantrip, but nuthin' happens.
Tha orc barely misses ye.
Tha orc priest shouts, "Beogh be our master!
Accept tha truth or die!"
Ye hit tha orc priest but do nay damage.
Tha orc priest be almost dead.
Ye hit tha orc but do nay damage.
Tha orc priest shouts, "Surrender ta Beogh an' we'll let ye live!"
Tha orc priest calls upon Beogh ta heal tha orc.
Tha orc's wounds heal 'emselves!
Tha orc closely misses ye.
Tha orc priest hits ye wit' a +0 mace.
Ye die...

.##.
#..)...######## .
+.............. #
#......#######.
#......# #......#
##..#######
#.......(##
#....o)o(.#######
#8....@8#.#.....#
#)))....#.(.....+
#8.....8###..%..#
#.......# .....#
#8.....8# ..K..#
#.......# .....#
#8.....8# .......
#..)....# #####o.
######### .o


You could see an orc priest and an orc.

Vanquished Creatures
  Ijyb (D:3)
  2 orc wizards (D:2)
  4 adders
  4 dart slugs
  2 leopard geckos
  5 orcs
  A bat (D:2)
  A giant cockroach (D:2)
  12 goblins
  10 hobgoblins
  3 kobolds
  A frilled lizard (D:1)
  4 rats
50 creatures vanquished.

Notes
Turn   | Place    | Note
-------+----------+-------------------------------------------
     0 | D:1      | BoppinsLewinski the Hill Orc Monk began the quest for the
                  | Orb.
     0 | D:1      | Reached XP level 1. HP: 19/19 MP: 1/1
   247 | D:1      | Reached XP level 2. HP: 19/27 MP: 2/2
   667 | D:2      | Reached skill level 1 in Armour
   761 | D:2      | Reached XP level 3. HP: 33/33 MP: 3/3
   799 | D:2      | Reached skill level 5 in Axes
   799 | D:2      | Reached XP level 4. HP: 38/40 MP: 4/4
  1362 | D:2      | Noticed a water elemental
  1364 | D:2      | Found a stormy altar of Qazlal.
  1365 | D:2      | Noticed an air elemental
  1365 | D:2      | Noticed a fire elemental
  1365 | D:2      | Noticed an earth elemental
  1680 | D:2      | Reached XP level 5. HP: 47/47 MP: 5/5
  2159 | D:3      | Noticed Ijyb
  2187 | D:3      | Killed Ijyb
  2187 | D:3      | Reached skill level 6 in Axes
  2234 | D:3      | HP: 2/47 [orc priest/divine providence (11)]
  2235 | D:3      | Gained mutation: Your magical capacity is low. (-10% MP)
                  | [potion of mutation]
  2235 | D:3      | Gained mutation: Armour fits poorly on your strangely
                  | shaped body. [potion of mutation]
  2235 | D:3      | Gained mutation: Your movements are slightly less
                  | encumbered by armour. (ER -2) [potion of mutation]
  2235 | D:3      | Gained mutation: Your muscles are strong. (Str +2) [potion
                  | of mutation]
  2236 | D:3      | Slain by an orc priest

Levels and vault maps discovered:
D:1:      dpeg_arrival_simpleton_a, layout_basic, serial_glass, glass_columns_b,
          glass_columns_a, hangedman_decor_riveting
D:2:      layout_basic, nicolae_qazlal_style_of_elements
D:3:      kennysheep_the_goblin_king, layout_basic, lemuel_doored_altar,
          nemelex_xobeh_ov_fountains_minmay, chequers_ecumenical_altar_simple,
          supply_closet_lemuel, uniq_terence

Skill      XL: |  1  2  3  4  5 |
---------------+----------------+-----
Armour         | 1 2 |  2.2
Fighting       | 4 |  4.5
Axes           | 5 6 |  6.0
Dodging        | 3 |  3.1
Stealth        | |  1.5

Action                   |  1- 3 |  4- 6 || total
-------------------------+-------+-------++-------
Melee: Hand axe          |    70 |   116 ||   186
       War axe           |       |    10 ||    10
  Use: Potion            |     1 |     1 ||     2
 Stab: Sleeping          |     2 |       ||     2
  Eat: Chunk             |       |     4 ||     4
Armor: Robe              |     8 |       ||     8
       Skin              |    20 |    14 ||    34
       Scale mail        |       |    53 ||    53
Dodge: Dodged            |    34 |    59 ||    93

Table legend:
 A = Non-vault XP
 B = Vault XP
 C = Vault XP percentage of total XP
 D = Non-vault monster count
 E = Vault monster count
 F = Vault count percentage of total count
                 A         B        C        D         E       F
            +---------+---------+-------+---------+---------+-------
      Total |     209 |      49 |  19.0 |      43 |       7 |  14.0
            +---------+---------+-------+---------+---------+-------
        D:1 |      20 |       0 |   0.0 |      10 |       0 |   0.0
        D:2 |     156 |       0 |   0.0 |      25 |       0 |   0.0
        D:3 |      33 |      49 |  59.8 |       8 |       7 |  46.7
            +---------+---------+-------+---------+---------+-------
